 Dungeon Crawl Stone Soup version 0.32-a0-996-gb3226c233f (webtiles) character file.

Game seed: 13109352479716673673

50 Fodor the Trooper (level 3, 0/33 HPs)
             Began as a Minotaur Fighter on Apr 23, 2024.
             Succumbed to a goblin's curare-tipped dart
             ... on level 2 of the Dungeon.
             The game lasted 00:04:04 (1274 turns).

Fodor the Trooper (Minotaur Fighter)                Turns: 1274, Time: 00:04:04

Health: 0/33       AC:  7    Str: 22    XL:     3   Next: 55%
Magic:  2/2        EV:  8    Int:  5    God:
Gold:   149        SH:  4    Dex:  9    Spells: 2/2 levels left

rFire   . . .        a - +0 war axe
rCold   . . .        c - +0 buckler
rNeg    . . .        b - +0 scale mail
rPois   .            (helmet restricted)
rElec   .            (no cloak)
rCorr   .            (no gloves)
SInv    .            (no boots)
Will    .....        (no amulet) Stlth
                     (no ring)
HPRegen 0.25/turn    (no ring)
MPRegen 0.08/turn

%: no passive effects
@: lethally poisoned (0 -> -11), slowed, very slow
A: horns 2, retaliatory headbutt
a: no special abilities


You were on level 2 of the Dungeon.
You visited 1 branch of the dungeon, and saw 2 of its levels.

You collected 149 gold pieces.

Inventory:

Hand Weapons
 a - a +0 war axe (weapon)
Missiles
 g - 4 poisoned darts (quivered)
 k - 2 throwing nets
Armour
 b - a +0 scale mail (worn)
 c - a +0 buckler (worn)
Scrolls
 e - a scroll of poison {unknown}
 f - a scroll of teleportation {unknown}
 h - 2 scrolls of identify {unknown}
 j - a scroll of fear {unknown}
 l - a scroll of revelation {unknown}
 m - a scroll of enchant armour {unknown}
Potions
 d - a potion of might
 i - a potion of magic {unknown}


   Skills:
 + Level 4.2 Fighting
 + Level 3.0 Axes
 + Level 4.2 Armour
 + Level 0.4 Dodging
 + Level 4.1 Shields


You had 2 spell levels left.
You didn't know any spells.
Your spell library was empty.

Dungeon Overview and Level Annotations

Branches:
Dungeon (2/15)

Altars:


Innate Abilities, Weirdness & Mutations

You have a pair of horns on your head.
You reflexively headbutt those who attack you in melee.


Message History

You now have 140 gold pieces (gained 13).
You now have 149 gold pieces (gained 9).
A quokka comes into view.
The quokka barely misses you. The quokka bites you.
You closely miss the quokka. Your headbutt misses the quokka.
The quokka closely misses you. You furiously retaliate!
You headbutt the quokka!
You kill the quokka!
A goblin comes into view.
It is wielding a +0 club and quivering curare-tipped darts.
The goblin shouts!
The goblin throws a curare-tipped dart.
The curare-tipped dart hits you.
You are poisoned.
You have difficulty breathing.
You feel yourself slow down.
Jessica the Apprentice Sorceress comes into view.
She is wielding a +0 club.
You feel very sick. You block Jessica's attack.
You barely miss Jessica.
You feel very sick.
Jessica gestures wildly while chanting.
Jessica seems to speed up.
You barely miss Jessica. You headbutt Jessica, but do no damage.
You feel very sick.
Jessica gestures wildly while chanting.
Jessica blinks!
The goblin throws a curare-tipped dart.
The curare-tipped dart misses you.
The curare-tipped dart hits Jessica.
Jessica is poisoned.
Jessica struggles to breathe.
Jessica seems to slow down.
Jessica casts a spell at you.
You barely resist. The goblin hits you with a +0 club.
You feel sick.
Jessica dies!
The goblin throws a curare-tipped dart.
The curare-tipped dart hits you.
You are more poisoned.
You have difficulty breathing.
* * * LOW HITPOINT WARNING * * *
You feel as though you will be slow longer.
* * * LOW HITPOINT WARNING * * *
You feel very sick. The goblin closely misses you.
You block the goblin's attack.
You barely miss the goblin.
You die...

##### #.#.#
#...#####.#.###...
..................
..........#####[..
# .#.######.#
#.#.# .#.#
##.######.#. .#.#
#........... .#.#
#.###.####g##
.#.###.# ##.###@#
....##.# #.##..#
.......# ##.##.)#
......#.###.###..#
......##...## #..#
...>..###.<# #..#
.....####..# #..#
....)<.....# #..#
.....#####.# #..#


You could see a goblin.

Vanquished Creatures
  2 dart slugs (D:1)
  A ribbon worm (D:2)
  3 endoplasms
  4 giant cockroaches (D:1)
  4 hobgoblins (D:1)
  4 quokkas
  A ball python (D:1)
  2 bats (D:1)
  4 frilled lizards (D:1)
  8 goblins
  3 kobolds
  2 rats (D:1)
38 creatures vanquished.

Vanquished Creatures (others)
  Jessica (D:2)
1 creature vanquished.

Grand Total: 39 creatures vanquished

Notes
Turn   | Place    | Note
-------+----------+-------------------------------------------
     0 | D:1      | Fodor the Minotaur Fighter began the quest for the Orb.
     0 | D:1      | Reached XP level 1. HP: 19/19 MP: 0/0
   158 | D:1      | Reached XP level 2. HP: 21/27 MP: 1/1
   462 | D:1      | Reached XP level 3. HP: 33/33 MP: 2/2
   562 | D:1      | Found a faded altar of an unknown god.
  1268 | D:2      | Noticed Jessica
  1272 | D:2      | Killed Jessica
  1274 | D:2      | Succumbed to a goblin's curare-tipped dart

Illustrated notes

Levels and vault maps discovered:
D:1:      spicycebolla_arrival_risky_transporter, layout_basic, serial_forest,
          infiniplex_forest_straight_2, infiniplex_forest_lined_room_3,
          infiniplex_forest_zigzag_1, infiniplex_forest_lined_3_way,
          hellmonk_ecumenical_altar_heavens_door
D:2:      minmay_angry_zag, layout_loops_ring, basic_altar, uniq_jessica

Skill      XL: |  1  2  3 |
---------------+----------+-----
Armour         | 4 |  4.2
Fighting       | 4 |  4.2
Shields        | 4 |  4.1
Axes           | 3 |  3.0
Dodging        | |  0.4

Action                     || total
---------------------------++-------
  Melee: War axe           ||    94
         Headbutt          ||     9
  Throw: Dart              ||     9
 Armour: Scale mail        ||    71
  Dodge: Dodged            ||    46
  Block: Buckler           ||    20

Table legend: (Time is in decaauts)
 A = Elapsed time spent in this place.
 B = Non-inter-level travel time spent in this place.
 C = Inter-level travel time spent in this place.
 D = Time resting spent in this place.
 E = Time spent auto-exploring this place.
 F = Levels seen in this place.
 G = Mean time per level.
                   A        B        C        D        E       F      G
               +--------+--------+--------+--------+--------+-----+--------+
         Total |   1314 |   1314 |      0 |      0 |    812 |   2 |  657.0 |
       Dungeon |   1314 |   1314 |      0 |      0 |    812 |   2 |  657.0 |
               +--------+--------+--------+--------+--------+-----+--------+

Top non-repeatable levels by time:
     D:1: 1116 daAuts
     D:2: 197 daAuts
